 Dungeon Crawl Stone Soup version 0.29-a0-330-g52719c12eb (webtiles) character file.

Game seed: 1992765180558975395

110 kae the Firebug (level 4, -1/28 HPs)
             Began as an Octopode Fire Elementalist on Apr 16, 2022.
             Succumbed to a goblin's poison
             ... on level 3 of the Dungeon.
             The game lasted 00:01:54 (3085 turns).

kae the Firebug (Octopode Fire Elementalist)        Turns: 3085, Time: 00:01:55

Health: -1/28      AC:  1    Str:  7    XL:     4   Next: 91%
Magic:  0/7        EV: 13    Int: 19    God:
Gold:   90         SH:  0    Dex: 12    Spells: 1/7 levels left

rFire   . . .      SeeInvis .   h - +3 short sword of Plog {holy, rN++}
rCold   . . .      Faith    .   (no shield)
rNeg    + + .      Spirit   .   (helmet restricted)
rPois   .          Reflect  .   (no amulet)
rElec   .          Harm     .   (no ring)
rCorr   .          Rampage  .   (no ring)
Will    .....                   (no ring)
Stlth   +++.......              (no ring)
HPRegen 0.09/turn               (no ring)
MPRegen 0.10/turn               (no ring)
                                (no ring)
                                (no ring)

@: lethally poisoned (-1 -> -16)
A: almost no armour, amphibious, 8 rings, camouflage 1, gelatinous body 1,
(nimble swimmer 1), tentacles
a: no special abilities


You were on level 3 of the Dungeon.
You visited 1 branch of the dungeon, and saw 3 of its levels.

You collected 90 gold pieces.

Inventory:

Hand Weapons
 b - a +0 whip
 h - the +3 short sword of Plog (weapon) {holy, rN++}
   (You found it on level 2 of the Dungeon)

   It has been blessed by the Shining One to cause great damage to the undead
   and demons.
   rN:        It greatly protects you from negative energy.
Scrolls
 d - 4 scrolls of identify {unknown}
 e - 2 scrolls of amnesia {unknown}
 f - a scroll of enchant weapon {unknown}
Potions
 a - a potion of magic
 c - a potion of might {unknown}
 g - 2 potions of heal wounds {unknown}
 i - a potion of haste {unknown}


   Skills:
 + Level 1.3 Fighting
 + Level 2.5 Dodging
 + Level 3.5 Stealth
 + Level 2.3 Spellcasting
 + Level 1.6 Conjurations
 * Level 4.0 Fire Magic


You had one spell level left.
You knew the following spells:

 Your Spells              Type           Power      Damage    Failure   Level
a - Foxfire               Conj/Fire      52%        2x1d6     4%          1
b - Scorch                Fire           34%        2d6       4%          2
c - Conjure Flame         Conj/Fire      13%        6-21      16%         3

Your spell library contained the following spells:

 Spells                   Type           Power      Damage    Failure   Level
 Inner Flame              Hex/Fire       10%        N/A       22%         3
 Flame Wave               Conj/Fire      13%        2d6       45%         4


Dungeon Overview and Level Annotations

Branches:
Dungeon (3/15)

Altars:


Innate Abilities, Weirdness & Mutations

You cannot wear most types of armour.
You are amphibious.
You can wear up to eight rings at the same time.
Your skin changes colour to match your surroundings (Stealth+).
Your rubbery body absorbs attacks. (AC +1, EV +1)
((You are camouflaged when in or above water. (Stealth+)))
You have tentacles for arms and can constrict up to eight enemies at once.


Message History

Confirm with . or Enter, or press ? or * to list all spells.
You miscast Foxfire.
You are very lightly contaminated with residual magic.
Nothing appears to happen.
You hit the hobgoblin. Your grab misses the hobgoblin.
The hobgoblin is heavily wounded.
The goblin unwields a +2 dagger of venom.
It stops dripping with poison.
The goblin wields a +0 hunting sling.
The goblin shoots a sling bullet.
The sling bullet closely misses you.
You closely miss the hobgoblin. Your grab misses the hobgoblin.
You squeeze the hobgoblin, but do no damage.
The hobgoblin is moderately wounded.
The hobgoblin hits you.
You puncture the hobgoblin!
You kill the hobgoblin!
The goblin shoots a sling bullet.
The sling bullet hits you!
You are too injured to fight recklessly!
You are too injured to fight recklessly!
You are too injured to fight recklessly!
You are too injured to fight recklessly!
You are too injured to fight recklessly!
The goblin unwields a +0 hunting sling.
The goblin wields a +2 dagger of venom.
It begins to drip with poison!
The goblin closely misses you.
You closely miss the goblin. You grab the goblin. You constrict the goblin.
The goblin hits you with a +2 dagger of venom.
You are poisoned.
You hit the goblin.
The goblin is heavily wounded.
You constrict the goblin.
You feel sick.
The goblin hits you with a +2 dagger of venom.
* * * LOW HITPOINT WARNING * * *
You are lethally poisoned!
Your magical contamination has completely faded away.
Casting: Foxfire (safe; 4% risk of failure)
Confirm with . or Enter, or press ? or * to list all spells.
You conjure some foxfire!
You constrict the goblin.
You kill the goblin!
* * * LOW HITPOINT WARNING * * *
You feel very sick.
You die...

##.##.....
..........
... #######
#. ####.###
# #......# #
#.#.)..# #
#...)..##
#####
#.......#
....#
#...)v.#
###.#
#.#.@..#
###.#
#...v..#
.##.#
####.###
.##.# ###
#.# ....#
####.#####.#
....#
#...#...##.#
.##.#
#..###..##.#
....###.##
##.##.#
##..##.##
##...#


There were no monsters in sight!

Vanquished Creatures
  A jelly (D:2)
  2 adders (D:3)
  A worm (D:2)
  An orc (D:3)
  3 bats
  5 endoplasms
  3 giant cockroaches
  10 hobgoblins
  4 quokkas
  5 ball pythons
  2 frilled lizards
  9 goblins
  4 kobolds
  3 rats
53 creatures vanquished.

Vanquished Creatures (others)
  163 foxfires
163 creatures vanquished.

Grand Total: 216 creatures vanquished

Notes
Turn   | Place    | Note
-------+----------+-------------------------------------------
     0 | D:1      | kae the Octopode Fire Elementalist began the quest for the
                  | Orb.
     0 | D:1      | Reached XP level 1. HP: 11/11 MP: 3/3
   491 | D:1      | Reached XP level 2. HP: 17/17 MP: 1/5
   550 | D:1      | Learned a level 2 spell: Scorch
  1573 | D:2      | Reached XP level 3. HP: 22/22 MP: 2/6
  1577 | D:2      | Learned a level 3 spell: Conjure Flame
  1750 | D:2      | Found a faded altar of an unknown god.
  1824 | D:2      | Identified the +3 short sword of Plog {holy, rN++}
  2005 | D:2      | Reached skill level 1 in Fighting
  2005 | D:2      | Reached XP level 4. HP: 15/28 MP: 2/7
  3066 | D:3      | Reached skill level 4 in Fire Magic
  3085 | D:3      | Succumbed to a goblin's poison

Illustrated notes

Levels and vault maps discovered:
D:1:      nagdon_arrival_double_spiral, layout_basic
D:2:      minmay_skewed_foursquare, layout_basic, ebering_ecumenical_altar_rust
D:3:      layout_loops_cross, serial_shops, shop, st_stairs_6, uniq_robin

Skill      XL: |  1  2  3  4 |
---------------+-------------+-----
Stealth        | 3 |  3.5
Fighting       | 1 |  1.3
Fire Magic     | 4 |  4.0
Dodging        | |  2.5
Spellcasting   | |  2.3
Conjurations   | |  1.6

Action                   |  1- 3 |  4- 6 || total
-------------------------+-------+-------++-------
Melee: Whip              |    15 |       ||    15
       Constrict         |     4 |     2 ||     6
       Tentacles         |     3 |     1 ||     4
       Short sword       |       |    10 ||    10
 Cast: Foxfire           |    63 |    37 ||   100
 Stab: Sleeping          |     1 |     1 ||     2
Armor: Skin              |     3 |       ||     3
Dodge: Dodged            |    17 |     7 ||    24

Table legend: (Time is in decaauts)
 A = Elapsed time spent in this place.
 B = Non-inter-level travel time spent in this place.
 C = Inter-level travel time spent in this place.
 D = Time resting spent in this place.
 E = Time spent auto-exploring this place.
 F = Levels seen in this place.
 G = Mean time per level.
                   A        B        C        D        E       F      G
               +--------+--------+--------+--------+--------+-----+--------+
         Total |   3085 |   3040 |     45 |     60 |   2582 |   3 | 1028.3 |
       Dungeon |   3085 |   3040 |     45 |     60 |   2582 |   3 | 1028.3 |
               +--------+--------+--------+--------+--------+-----+--------+

Top non-repeatable levels by time:
     D:1: 1360 daAuts
     D:2: 1286 daAuts
     D:3: 438 daAuts
